AoeStats
← kikoparket

Hideout

510195712Analyzed
1v1 RM · 4d ago on Sep 29, 2026· 51m 16s· 2 players
Game mode
Random Map
Map size
Tiny (2 player)
Population
200
Speed
Normal
Resources
Standard
Victory
Conquest
Starting age
Dark Age
Ending age
Imperial Age
RankedLock teamsTeams togetherTeam positionsShared explorationLock speedFull tech treeHidden civsTurbo modeCheats
Victory
Defeat
🇬🇧 Maya · United Kingdom
551
+19
🇪🇸 Lithuanians · Spain
609
-19
Eddie12357
12:06 Feudal Age
14:21 Double-Bit Axe
14:34 Gold Mining
14:27 Horse Collar
15:26 Arson
15:52 Stone Mining
17:45 Fletching
17:57 Padded Archer Armor
18:08 Forging
18:00 Scale Mail Armor
25:08 Castle Age
28:42 Bodkin Arrow
29:02 Leather Archer Armor
29:27 Iron Casting
29:08 Chain Mail Armor
28:23 Crossbowman
31:23 Wheelbarrow
30:34 Town Watch
31:02 Thumb Ring
32:38 Stone Shaft Mining
32:27 Squires
32:01 Eagle Warrior
33:04 Heavy Plow
34:31 Bow Saw
38:07 Imperial Age
39:08 Conscription
38:16 Arbalester
39:33 Capped Ram
41:17 Pikeman
44:01 Ballistics
43:55 Masonry
43:42 Murder Holes
47:58 Elite Eagle Warrior
kikoparket
9:50 Feudal Age
10:21 Double-Bit Axe
14:36 Fletching
14:47 Padded Archer Armor
22:38 Castle Age
23:22 Bloodlines
23:26 Forging
24:32 Horse Collar
28:59 Redemption
29:04 Crossbowman
30:34 Husbandry
34:10 Stone Mining
34:10 Gold Mining
37:59 Imperial Age
35:34 Elite Skirmisher
36:22 Thumb Ring
38:07 Sanctity
38:02 Fervor
38:47 Tower Shields
39:33 Stone Shaft Mining
44:23 Bow Saw
44:40 Cavalier
45:42 Heavy Plow
46:44 Town Watch
47:39 Wheelbarrow
Connection lost

Rejoining the realm…

Still unreachable

The connection could not be restored.

Session expired

The server has moved on; the page needs a fresh start.